 Dungeon Crawl Stone Soup version 0.21.1-1-g345015f (webtiles) character file.

692 Monsterracer the Cutter (level 7, -2/38 HPs)
             Began as a Vine Stalker Skald on July 12, 2018.
             Slain by a gnoll
             ... wielding a +0 spear
              (7 damage)
             ... on level 2 of the Dungeon.
             The game lasted 00:09:39 (4277 turns).

Monsterracer the Cutter (Vine Stalker Skald)        Turns: 4277, Time: 00:09:40

Health: -2/38      AC:  4    Str: 14    XL:     7   Next: 63%
Magic:  0/11       EV: 12    Int: 13    God:
Gold:   239        SH:  0    Dex: 15    Spells: 6/10 levels left

rFire    . . .     SeeInvis .   a - +0 short sword
rCold    + . .     Gourm    .   (no shield)
rNeg     . . .     Faith    .   b - +0 leather armour
rPois    .         Spirit   +   (no helmet)
rElec    .         Reflect  .   (no cloak)
rCorr    .         Harm     .   k - +0 pair of gloves
MR       .....                  (no boots)
Stlth    +.........             u - amulet of regeneration
HPRegen  0.92/turn              n - ring of protection from cold {!d}
MPRegen  0.12/turn              (no ring)

@: infused (expiring)
A: fangs 2, regeneration 1, magic shield, antimagic bite, no potion heal 3, rot
immunity
a: no special abilities


You were on level 2 of the Dungeon.
You were hungry.

You visited 1 branch of the dungeon, and saw 3 of its levels.

You collected 239 gold pieces.

Inventory:

Hand Weapons
 a - a +0 short sword (weapon)
Missiles
 v - a throwing net (quivered)
Armour
 b - a +0 leather armour (worn)
 k - a +0 pair of gloves (worn)
Jewellery
 n - a ring of protection from cold (left hand) {!d}
 u - an amulet of regeneration (around neck)
Wands
 q - a wand of acid (10)
 t - a wand of clouds (2)
Scrolls
 f - 5 scrolls of identify {unknown}
 j - a scroll of enchant armour {unknown}
 l - 5 scrolls of remove curse {unknown}
 m - a scroll of fear {unknown}
 r - a scroll of random uselessness {unknown}
 s - a scroll of magic mapping {unknown}
Potions
 d - a potion of curing {unknown}
 e - a potion of might {unknown}
 g - 2 potions of lignification {unknown}
 h - a potion of heal wounds {unknown}
 i - a potion of flight {unknown}
 o - a potion of mutation {unknown}
 p - a potion of berserk rage {unknown}
Comestibles
 c - 7 rations


   Skills:
 + Level 4.3 Fighting
 * Level 6.0 Short Blades
 - Level 0.7 Armour
 + Level 2.4 Dodging
 - Level 2.1 Spellcasting
 - Level 3.0 Charms


You had 6 spell levels left.
You knew the following spells:

 Your Spells              Type           Power        Failure   Level  Hunger
a - Infusion              Chrm           #...         10%         1    ##.....
j - Regeneration          Chrm/Necr      #.........   45%         3    ####...


Dungeon Overview and Level Annotations

Branches:
Dungeon (3/15)

Altars:
Ashenzari
Qazlal
Zin

Shops:
D:3 *


Innate Abilities, Weirdness & Mutations

You have extremely sharp teeth.
Your natural rate of healing is unusually fast.
When hurt, damage is shared between your health and your magic reserves.
Your bite disrupts and absorbs the magic of your enemies.
Potions cannot restore your health.
You are immune to rotting.


Message History

Unknown command.
Unknown command.
Unknown command.
Unknown command.
You take 6 damage, and have 21/38 hp.
You now have 7/11 mp.
Unknown command.
You hit the gnoll but do no damage.
The gnoll is moderately wounded.
The gnoll hits you with a halberd!
* * * LOW HITPOINT WARNING * * *
You take 6 damage, and have 15/38 hp.
You now have 5/11 mp.
You hit the gnoll.
The gnoll is heavily wounded.
The gnoll hits you with a halberd!
* * * LOW HITPOINT WARNING * * *
You take 5 damage, and have 10/38 hp.
You now have 2/11 mp.
You hit the gnoll!
You kill the gnoll!
Unknown command.
Things that are here:
a halberd; a gnoll corpse
There is a stone staircase leading down, spattered with blood here.
You start resting.
Your magical infusion is running out.
You regained 5 hp, and now have 18/38 hp.
You start resting.
You are no longer magically infusing your attacks.
You regained 5 hp, and now have 23/38 hp.
You start resting.
All of the chunks of flesh in your inventory have rotted away.
HP restored.
Health restored: 38 You regained 2 mp, and now have 5/11 mp.
You start resting.
You are feeling hungry.
You regained 2 mp, and now have 7/11 mp.
Casting: Infusion
Confirm with . or Enter, or press ? or * to list all spells.
You begin infusing your attacks with magical energy.
You now have 6/11 mp.
You climb downwards.
A gnoll comes into view. It is wielding a flail.
The gnoll hits you but does no damage.
The gnoll moves out of view.
The gnoll hits you but does no damage. x2
There is a stone staircase leading up, spattered with blood here.
Unknown command.
Unknown command.
The gnoll shouts!
You hit the gnoll!
The gnoll is heavily wounded.
The gnoll hits you with a spear.
You take 3 damage, and have 35/38 hp.
You now have 4/11 mp.
You hit the gnoll. Your bite misses the gnoll.
The gnoll is almost dead.
The gnoll hits you with a spear! The gnoll barely misses you.
The gnoll closely misses you.
You take 7 damage, and have 28/38 hp.
You barely miss the gnoll. Your bite misses the gnoll.
The gnoll is almost dead.
The gnoll closely misses you. The gnoll barely misses you.
The gnoll hits you but does no damage.
You hit the gnoll.
The gnoll is heavily wounded.
The gnoll hits you with a spear.
You take 3 damage, and have 26/38 hp.
You now have 3/11 mp.
The gnoll hits you with a spear! The gnoll hits you with a flail!
* * * LOW HITPOINT WARNING * * *
The gnoll hits you but does no damage.
You climb upwards.
There is a stone staircase leading down, spattered with blood here.
Unknown command.
Unknown command.
Unknown command.
Unknown command.
You take 12 damage, and have 14/38 hp.
MASSIVE DAMAGE!!
You now have 2/11 mp.
Unknown command.
Unknown command.
Unknown command.
Unknown command.
You hit the gnoll.
You kill the gnoll!
The gnoll completely misses you. The gnoll hits you with a spear.
* * * LOW HITPOINT WARNING * * *
You take 4 damage, and have 10/38 hp.
You now have 0/11 mp.
You hit the gnoll. Your bite misses the gnoll.
The gnoll is almost dead.
You barely miss the gnoll.
The gnoll is almost dead.
The gnoll barely misses you. The gnoll closely misses you.
You closely miss the gnoll.
The gnoll is almost dead.
The gnoll closely misses you. The gnoll hits you with a flail!
* * * LOW HITPOINT WARNING * * *
You take 8 damage, and have 3/38 hp.
MASSIVE DAMAGE!!
Your magical infusion is running out.
The gnoll hits you from afar with a spear.
* * * LOW HITPOINT WARNING * * *
You see here a spear.
The gnoll hits you from afar with a spear!
You die...

## #.
###################.
###....[..............
#......>)...........#.
#....g)g)....###.(#.##
#.........###...(.))#
###..@.#### #.###..###
###...#####'####.)##
#...........##..'.
#...............'.
#####............#..'.
#................#..##
#................#..##
#...............###.##
#........)......+....#


You could see 2 gnolls.

Vanquished Creatures
  4 gnoll shamans
  A jelly (D:2)
  An orc priest (D:3)
  An orc wizard (D:3)
  An iguana (D:3)
  33 gnolls
  An adder (D:3)
  9 oozes (D:2)
  A worm (D:2)
  A dart slug (D:1)
  4 orcs (D:3)
  2 ball pythons
  A giant cockroach (D:1)
  6 goblins
  5 hobgoblins
  14 jackals
  17 kobolds
  3 quokkas
  4 bats
  3 frilled lizards (D:1)
  3 rats
115 creatures vanquished.

Vanquished Creatures (others)
  7 toadstools (D:2)
7 creatures vanquished.

Grand Total: 122 creatures vanquished

Notes
Turn   | Place    | Note
-------+----------+-------------------------------------------
     0 | D:1      | Monsterracer the Vine Stalker Skald began the quest for the Orb.
     0 | D:1      | Reached XP level 1. HP: 11/11 MP: 4/4
    84 | D:1      | Reached skill level 2 in Short Blades
   116 | D:1      | Reached XP level 2. HP: 10/15 MP: 3/6
   590 | D:1      | Reached XP level 3. HP: 14/18 MP: 5/7
   598 | D:1      | Learned a level 3 spell: Regeneration
  1096 | D:2      | HP: 9/19 [quokka (4)]
  1569 | D:2      | Reached skill level 3 in Short Blades
  1689 | D:2      | Gained mutation: Your natural rate of healing is unusually fast. [Vine Stalker growth]
  1689 | D:2      | Reached XP level 4. HP: 19/23 MP: 8/8
  1696 | D:2      | HP: 8/23 [ooze (5)]
  1752 | D:2      | Reached XP level 5. HP: 20/28 MP: 9/9
  2277 | D:3      | Reached skill level 4 in Short Blades
  2305 | D:3      | HP: 14/28 [gnoll/spear of flaming (1)]
  2418 | D:3      | HP: 13/28 [gnoll/spear (5)]
  2419 | D:3      | HP: 6/28 [gnoll/spear (7)]
  2520 | D:3      | HP: 13/28 [gnoll shaman/whip (6)]
  2521 | D:3      | HP: 6/28 [gnoll shaman/whip (7)]
  2526 | D:3      | HP: 2/28 [gnoll shaman/whip (6)]
  2694 | D:3      | HP: 14/28 [gnoll/spear (4)]
  2703 | D:2      | HP: 11/28 [gnoll shaman/club (5)]
  2709 | D:2      | Reached XP level 6. HP: 11/32 MP: 0/10
  2860 | D:3      | Reached skill level 5 in Short Blades
  2943 | D:3      | Found a stormy altar of Qazlal.
  2967 | D:3      | Found a shattered altar of Ashenzari.
  2982 | D:3      | HP: 16/33 [gnoll/club (4)]
  3089 | D:3      | Found Zin's Purification Station.
  3092 | D:3      | Found a glowing silver altar of Zin.
  3588 | D:3      | Reached XP level 7. HP: 37/37 MP: 8/11
  3775 | D:3      | HP: 17/37 [gnoll/spear (5)]
  4034 | D:3      | Reached skill level 6 in Short Blades
  4108 | D:3      | HP: 15/37 [gnoll (5)]
  4135 | D:3      | HP: 18/37 [gnoll (2)]
  4214 | D:3      | HP: 19/38 [gnoll/spear (1)]
  4269 | D:3      | HP: 13/38 [gnoll/flail (7)]
  4274 | D:2      | HP: 3/38 [gnoll/flail (9)]
  4277 | D:2      | Slain by a gnoll

Skill      XL: |  1  2  3  4  5  6  7 |
---------------+----------------------+-----
Short Blades   | 2 3 4 5 6 |  6.0
Fighting       | 2 3 4 |  4.3
Dodging        | 2 |  2.4
Armour         | |  0.7
Spellcasting   | |  2.1
Charms         | |  3.0

Action                   |  1- 3 |  4- 6 |  7- 9 || total
-------------------------+-------+-------+-------++-------
Melee: Short sword       |   104 |   223 |   122 ||   449
       Bite              |    23 |    70 |    28 ||   121
 Cast: Infusion          |     4 |    22 |    10 ||    36
 Stab: Sleeping          |     2 |       |       ||     2
  Eat: Chunk             |     1 |     5 |     2 ||     8
       Ration            |       |     1 |       ||     1
Armor: Leather armour    |    29 |    29 |    17 ||    75
Dodge: Dodged            |    44 |   134 |    88 ||   266

Vault maps used:
D:1:      shiori_shiawase, st_stairs_12, minmay_misc_feat_columns,
          palyth_stone_intersect, serial_bayou_pond_d
D:2:      cheibrodos_fertilizer
D:3:      lemuel_castle_with_subvaults, evilmike_ruin_ashenzari, zin_purify,
          roderic_batcave, nicolae_qazlal_general_emergency
